Map: Cresta di Lerilak

Players

Arès

  • Race: Terran Terran
  • League: Master

Mørtebianca

  • Race: Terran Terran
  • League: Diamond

NeutronX

  • Race: Zerg Zerg
  • League: Grandmaster

Jhyrachy

  • Race: Zerg Zerg
  • League: Silver

VOD

Have the link to the VOD?

Description

Time

  • Played on: Dec. 8, 2015, 3:11 p.m.
  • Length: 8:07
Show
View Real Time Build Order
Export as new Build Order

Arès Terran 

Build Orders: MMM Bio 

Get SALT Encoding   

  12  0:02  SCV  
  13  0:14  SCV  
  13  0:17  Supply Depot  
  14  0:26  SCV  
  15  0:28  Refinery  
  15  0:39  SCV  
  16  0:47  Barracks  
  16  0:51  SCV  
  17  1:05  Barracks  
  17  1:07  SCV  
  18  1:16  Refinery  
  18  1:19  SCV  
  19  1:32  Barracks  
  19  1:36  SCV  
  19  1:39  Reaper  
  21  1:53  Reaper  
  22  1:58  Supply Depot  
  22  2:10  Orbital Command  
  22  2:11  Reaper  
  23  2:20  Reaper  
  24  2:25  Reaper  
  26  2:37  SCV  
  26  2:44  Reaper  
  27  2:51  SCV  
  28  2:52  Reaper  
  28  2:55  Supply Depot  
  28  2:57  Reaper  
  30  3:13  SCV  
  30  3:16  Reaper  
  30  3:24  Reaper  
  30  3:26  Command Center  
  31  3:29  Reaper  
  32  3:45  SCV  
  33  3:50  Command Center  
  33  3:53  Supply Depot  
  32  4:02  Barracks Reactor  
  32  4:03  Supply Depot  
  32  4:04  Barracks Reactor, Barracks Tech Lab  
  32  4:10  SCV  
  33  4:22  SCV  
  34  4:24  Marine  
  34  4:26  Stimpack  
  34  4:31  Engineering Bay  
  34  4:34  SCV  
  35  4:42  Marine  
  35  4:44  Orbital Command  
  36  4:46  SCV  
  36  4:47  Marine  
  36  4:49  Marine  
  36  4:52  Marine  
  40  4:54  Marine  
  40  5:00  Terran Infantry Weapons Level 1  
  40  5:10  Factory  
  40  5:17  Marine x2  
  40  5:18  Marine x2  
  44  5:30  Marine  
  44  5:35  Marine x2  
  45  5:42  Orbital Command  
  45  5:44  SCV  
  45  5:46  Marine x2  
  45  5:47  Marine  
  49  5:57  Marine  
  49  5:58  Marine  
  49  6:01  Factory Reactor, Starport  
  49  6:03  Marine x2, SCV  
  54  6:07  Marine  
  55  6:15  Marine x2  
  55  6:16  SCV  
  58  6:19  SCV  
  58  6:21  Marine x2  
  58  6:22  SCV  
  58  6:25  Marine  
  63  6:27  Combat Shields  
  63  6:28  SCV  
  63  6:32  SCV  
  65  6:33  Marine  
  65  6:34  SCV  
  65  6:40  SCV  
  65  6:45  Marine x2, Factory Tech Lab, Barracks  
  65  6:46  Marine x2, Medivac  
  69  6:49  Medivac  
  69  6:51  SCV x2  
  73  6:58  Refinery  
  73  6:59  Refinery, Marine  
  74  7:03  Marine x2  
  74  7:06  Orbital Command  
  74  7:07  Marine  
  74  7:08  Marine  
  78  7:13  SCV  
  78  7:14  SCV  
  80  7:17  Marine  
  80  7:21  Marine x2  
  83  7:25  Marine, SCV  
  83  7:26  SCV  
  85  7:34  Supply Depot  
  85  7:36  Marine x2, Medivac x2  
  91  7:37  Supply Depot  
  91  7:38  SCV x2  
  93  7:46  Marine  
  101  8:01  Barracks Reactor  
  104  8:06  Supply Depot  
Show
View Real Time Build Order
Export as new Build Order

Mørtebianca Terran 

Build Orders:  

Get SALT Encoding   

  12  0:02  Drone  
  13  0:08  Drone  
  14  0:17  Overlord  
  14  0:35  Drone  
  15  0:36  Drone x2  
  17  0:55  Hatchery  
  16  0:58  Drone  
  16  1:01  Extractor  
  16  1:08  Drone x2  
  18  1:20  Spawning Pool  
  17  1:26  Drone  
  17  1:29  Drone  
  19  1:41  Overlord  
  19  1:51  Drone  
  20  2:02  Drone  
  20  2:07  Metabolic Boost  
  20  2:08  Queen  
  21  2:12  Queen  
  21  2:13  Drone  
  26  2:16  Drone  
  26  2:20  Drone  
  29  2:22  Drone  
  29  2:29  Drone  
  30  2:33  Drone  
  31  2:39  Drone  
  32  2:48  Zergling x2  
  32  2:54  Hatchery  
  30  3:01  Queen  
  30  3:02  Queen  
  34  3:19  Zergling x10  
  36  3:20  Zergling x2  
  36  3:21  Overlord  
  33  3:27  Zergling x2  
  33  3:28  Zergling x2  
  33  3:29  Spine Crawler  
  33  3:36  Zergling x4  
  34  3:49  Drone x4  
  34  3:50  Drone  
  39  3:57  Drone x2  
  41  4:04  Drone x2  
  41  4:08  Drone x2  
  45  4:14  Drone x2  
  46  4:20  Zergling x6  
  46  4:24  Zergling x2  
  46  4:25  Zergling x2  
  46  4:26  Zergling x2  
  46  4:29  Zergling x2  
  46  4:30  Zergling x2  
  41  4:41  Zergling x8  
  41  5:00  Zergling x12  
  41  5:01  Zergling x2  
  48  5:12  Queen  
  42  5:38  Roach Warren  
  42  5:42  Drone x2  
  36  5:43  Drone x2  
  36  5:45  Drone x3  
  36  5:46  Extractor  
  36  5:47  Drone x2  
  36  5:48  Drone x2  
  43  5:54  Queen  
  44  6:07  Spine Crawler  
  42  6:14  Zergling x6  
  42  6:15  Zergling x6  
  44  6:22  Queen  
  44  6:23  Zergling x2  
  44  6:24  Zergling x4  
  46  6:43  Drone x3  
  46  6:44  Drone x3  
  50  6:51  Overlord  
  50  7:03  Overlord x2  
  50  7:06  Lair  
  50  7:08  Queen  
  53  7:15  Drone  
  53  7:16  Baneling Nest  
  53  7:18  Drone x2  
  53  7:20  Zergling x2  
  53  7:21  Roach  
  57  7:23  Roach  
  57  7:25  Roach  
  57  7:28  Roach  
  63  7:33  Roach x2  
  63  7:36  Roach  
  69  7:42  Roach  
  64  7:48  Roach x2  
Show
View Real Time Build Order
Export as new Build Order

NeutronX Zerg 

Build Orders:  

Get SALT Encoding   

Show
View Real Time Build Order
Export as new Build Order

Jhyrachy Zerg 

Build Orders:  

Get SALT Encoding   

Tags
 
Add a new tag
Caveats
  • Supply blocks, unpowered buildings, or Contaminate may cause inaccurate times.
  • Supply counts are checked every 10 seconds.